 Dungeon Crawl Stone Soup version 0.31.0-12-g77e489cdc1 (webtiles) character file.

Game seed: 9052813249949639509

71 Killerpretzel the Changeling (level 4, -9/29 HPs)
             Began as an Octopode Shapeshifter on Feb 12, 2024.
             Mangled by an ogre
             ... wielding a +0 giant club
              (16 damage)
             ... on level 3 of the Dungeon.
             The game lasted 00:01:18 (1692 turns).

Killerpretzel the Changeling (OpSh)                 Turns: 1692, Time: 00:01:19

Health: -9/29      AC:  1    Str: 13    XL:     4   Next: 24%
Magic:  4/4        EV: 13    Int: 12    God:
Gold:   89         SH:  0    Dex: 13    Spells: 3/3 levels left

rFire   . .          .
                       - Unarmed
rCold   . . .        (no shield)
rNeg    . . .        (helmet currently unavailable)
rPois   .            (no amulet)
rElec   .            (no ring)
rCorr   .            (no ring)
SInv    .            (no ring)
Will    .....        (no ring)
Stlth   ++           (no ring)
HPRegen 0.24/turn    (no ring)
MPRegen 0.09/turn    (no ring)
                     (no ring)

%: no passive effects
@: beast-form
A: beast (slay +2), almost no armour, amphibious, 8 rings, camouflage 1,
gelatinous body 1, (nimble swimmer 1), tentacles
a: Begin Untransformation


You were on level 3 of the Dungeon.
You were a hulking beast.
You visited 1 branch of the dungeon, and saw 3 of its levels.

You collected 89 gold pieces.

Inventory:

Jewellery
 j - an amulet of faith
Talismans
 b - a beast talisman
 c - a flux talisman
Scrolls
 d - 5 scrolls of identify
 e - 2 scrolls of fear
 g - a scroll of teleportation
Potions
 a - a potion of lignification
 h - 2 potions of mutation


   Skills:
 + Level 2.0 Fighting
 + Level 2.5 Dodging
 + Level 3.4 Unarmed Combat
 * Level 3.7 Shapeshifting


You had 3 spell levels left.
You didn't know any spells.
Your spell library contained the following spells:

 Spells                   Type           Power      Damage    Failure   Level
 Inner Flame              Hex/Fire       0%         N/A       69%         3
 Animate Dead             Necr           0%         N/A       97%         4
 Irradiate                Conj/Alch      0%         3d11      100%        5
 Haunt                    Necr/Summ      0%         N/A       100%        7
 Ignition                 Fire           0%         3d3       100%        8
 Infestation              Necr           0%         N/A       100%        8


Dungeon Overview and Level Annotations

Branches:
Dungeon (3/15)

Altars:


Innate Abilities, Weirdness & Mutations

You are a hulking beast.
Your limbs bulge with bestial killing power. (Slay +2)
You cannot wear most types of armour.
You are amphibious.
You can wear up to eight rings at the same time.
Your skin changes colour to match your surroundings (Stealth+).
Your rubbery body absorbs attacks. (AC +1, EV +1)
((You are camouflaged when in or above water. (Stealth+)))
You have tentacles for arms and can constrict up to eight enemies at once.


Message History

No target in view!
No target in view!
A ball python comes into view.
An ogre comes into view. It is wielding a +0 giant club.
The ball python hisses angrily.
The ball python barely misses you. The ball python grabs you.
The ball python constricts you.
You barely miss the ball python. You grab the ball python.
You tentacle-slap the ball python.
The ball python is moderately wounded.
You constrict the ball python. The ball python bites you.
The ball python constricts you.
You tentacle-slap the ball python.
You kill the ball python!
No target in view!
No target in view!
No target in view!
No target in view!
No target in view!
No target in view!
No target in view!
You see here a ball python corpse.
h - 2 potions of mutation (gained 1)
You see here a ball python corpse.
The ogre enters a dispersal trap!
You blink.
The ogre blinks!
The ogre shouts!
The ogre enters a dispersal trap!
You blink.
The ogre blinks!
You tentacle-slap the ogre but do no damage.
You squeeze the ogre.
The ogre is lightly wounded.
The ogre hits you with a +0 giant club!!
Ouch! That really hurt!
* * * LOW HITPOINT WARNING * * *
You tentacle-slap the ogre. Your squeeze misses the ogre.
The ogre is lightly wounded.
You tentacle-slap the ogre. You squeeze the ogre!
The ogre is severely wounded.
The ogre hits you with a +0 giant club!
Ouch! That really hurt!
You die...

#...#.#
...##.#
...#(.#
##...####
#ยง^.#
##...#
##...##
##O..##
#..h##
#...#
#...##
#... #...
#..# #.#
#.


You could see an ogre.

Vanquished Creatures
  2 adders
  3 dart slugs
  2 ribbon worms
  6 endoplasms
  A giant cockroach (D:2)
  3 goblins (D:1)
  4 hobgoblins
  4 kobolds
  3 quokkas
  3 ball pythons
  4 bats
  2 frilled lizards
  6 rats
43 creatures vanquished.

Notes
Turn   | Place    | Note
-------+----------+-------------------------------------------
     0 | D:1      | Killerpretzel the Octopode Shapeshifter began the quest for
                  | the Orb.
     0 | D:1      | Reached XP level 1. HP: 13/13 MP: 1/1
   127 | D:1      | Found a faded altar of an unknown god.
   154 | D:1      | Reached XP level 2. HP: 16/18 MP: 2/2
   955 | D:1      | Reached XP level 3. HP: 19/23 MP: 3/3
  1605 | D:3      | Reached XP level 4. HP: 29/29 MP: 4/4
  1659 | D:3      | Noticed an ogre
  1692 | D:3      | Mangled by an ogre

Illustrated notes

Levels and vault maps discovered:
D:1:      roderic_chinese_lattice_arrival, layout_basic,
          hellmonk_ecumenical_altar_slurped_away, nrook_mini_backslash,
          minmay_misc_feat_nine_boxes
D:2:      layout_rooms
D:3:      layout_loops_ring, nicolae_overflow_crystal_walls, dk_noncrumbling_2,
          eino_curves_02, uniq_terence

Skill      XL: |  1  2  3  4 |
---------------+-------------+-----
Fighting       | 2 |  2.0
Dodging        | |  2.5
Unarmed Combat | |  3.4
Shapeshifting  | |  3.7

Action                     |  1- 3 |  4- 6 || total
---------------------------+-------+-------++-------
  Melee: Unarmed           |    69 |    11 ||    80
         Tentacles         |    14 |     4 ||    18
         Constrict         |    19 |     3 ||    22
         Punch             |     2 |     1 ||     3
    Use: Scroll            |     6 |       ||     6
   Stab: Sleeping          |     4 |       ||     4
 Armour: Skin              |    20 |     5 ||    25
  Dodge: Dodged            |    36 |     3 ||    39
